 Dungeon Crawl Stone Soup version 0.26-a0-712-ga5a9c9c9d0 (webtiles) character file.

Game seed: 9253395520474308000

3049 kae the Transmogrifier (level 9, -7/70 HPs)
             Began as a Naga Transmuter on Nov 4, 2020.
             Was a Priest of Cheibriados.
             Mangled by a two-headed ogre
             ... wielding a +0 giant club
              (28 damage)
             ... on level 8 of the Dungeon.
             The game lasted 00:06:49 (10891 turns).

kae the Transmogrifier (Naga Transmuter)           Turns: 10891, Time: 00:06:49

Health: -7/70      AC:  2    Str: 25    XL:     9   Next: 87%
Magic:  12/12      EV: 19    Int: 25    God:    Cheibriados [***...]
Gold:   489        SH:  0    Dex: 26    Spells: 8/12 levels left

rFire    . . .     SeeInvis +     - Unarmed
rCold    . . .     Faith    .   (shield currently unavailable)
rNeg     . . .     Spirit   .   (armour currently unavailable)
rPois    x         Reflect  .   (helmet currently unavailable)
rElec    .         Harm     .   (cloak currently unavailable)
rCorr    .         Rampage  .   (gloves currently unavailable)
MR       +....                  (no barding)
Stlth    ++........             k - amulet of magic regeneration
HPRegen  0.21/turn              j - +4 ring of slaying
MPRegen  0.38/turn              f - +6 ring of intelligence

@: mighty, spider-form, lightly drained, very slow
A: tiny, see invisible, dopey 1, spit poison 1, strong 1, AC +3
a: Spit Poison, End Transformation, Bend Time, Temporal Distortion, Renounce
Religion


You were on level 8 of the Dungeon.
You worshipped Cheibriados.
Cheibriados was most pleased with you.
You were a venomous arachnid creature.
You visited 1 branch of the dungeon, and saw 8 of its levels.

You collected 489 gold pieces.

Inventory:

Armour
 a - a +1 robe
 b - +0 steam dragon scales (melded)
Jewellery
 f - a +6 ring of intelligence (right front leg)
 j - a +4 ring of slaying (left front leg)
 k - an amulet of magic regeneration (around neck)
 q - an uncursed amulet of faith
 y - an uncursed ring of resist corrosion
Wands
 r - a wand of polymorph (6)
 s - a wand of digging (6)
 w - a wand of paralysis (12)
Scrolls
 c - a scroll of fog
 m - a scroll of magic mapping
Potions
 d - a potion of ambrosia
 e - a potion of flight
 h - 2 potions of brilliance
 i - a potion of stabbing
 l - 6 potions of curing
 n - a potion of might
 o - 2 potions of heal wounds
 p - a potion of degeneration {unknown}
 t - a potion of cancellation {unknown}
 v - a potion of haste {unknown}
 z - a potion of invisibility {unknown}
 A - a potion of magic {unknown}


   Skills:
 - Level 1.0(0.9) Fighting
 - Level 1.5 Dodging
 + Level 8.2(8.1) Unarmed Combat
 - Level 2.0(1.9) Spellcasting
 * Level 10.8 Transmutations
 - Level 3.0(2.9) Poison Magic


You had 8 spell levels left.
You knew the following spells:

 Your Spells              Type           Power        Failure   Level
a - Beastly Appendage     Tmut           ######       1%          1
b - Spider Form           Tmut/Pois      #####.....   8%          3

Your spell library contained the following spells:

 Spells                   Type           Power        Failure   Level
 Wereblood                Tmut           ######..     2%          2
 Blade Hands              Tmut           ######....   12%         5
 Ice Form                 Ice/Tmut       ####....     28%         4


Dungeon Overview and Level Annotations

Branches:
Dungeon (8/15)             Temple (0/1) D:5
   Lair: D:8-11

Altars:
Cheibriados
Makhleb
Okawaru
Qazlal
Sif Muna
Uskayaw
Vehumet
Yredelemnul
The Shining One

Annotations:
D:6 3 runed translucent doors, p0werm0de's ghost, novice GrFi


Innate Abilities, Weirdness & Mutations

You cannot wear boots.
((Your serpentine skin is tough. (AC +3)))
You have supernaturally acute eyesight. (SInv)
((Armour fits poorly on your strangely shaped body.))
((Your system is resistant to poisons. (rPois)))
((You cover ground very slowly.))
You can spit poison.
You are dopey. (Int -2)
Your muscles are strong. (Str +2)


Message History

You're too confused!
Unknown command.
You're too confused!
You feel better. The swamp drake misses you.
The two-headed ogre closely misses you. x2
Okay, then.
You feel very mighty all of a sudden. The swamp drake bites you!
The two-headed ogre completely misses you.
The two-headed ogre hits you with a +0 giant spiked club!!
You bite the two-headed ogre!
The two-headed ogre looks as sick as possible!
The two-headed ogre is moderately wounded.
The swamp drake bites you.
You bite the two-headed ogre!
The two-headed ogre is severely wounded.
The swamp drake bites you.
* * * LOW HITPOINT WARNING * * *
The two-headed ogre hits you with a +0 giant club!!
You die...

. .. ...
....#######
.##K......#######
......O.........+
#s......##
##k.$....#
#...≈≈≈.#...
#...≈≈≈.....
#...≈≈≈.....
#...≈.≈≈....
#..≈...≈....
....≈≈.......
....≈≈...≈..##


You could see a two-headed ogre (extremely poisoned), a swamp drake and a
kobold.

Vanquished Creatures
  2 steam dragons (D:7)
  Menkaure (D:6)
  Duvessa (D:4)
  A sky beast (D:6)
  An ice beast (D:6)
  2 ogres
  4 orc warriors
  2 black bears (D:6)
  A necrophage (D:6)
  A phantom (D:6)
  A wolf (D:8)
  A centaur (D:7)
  A bullfrog (D:6)
  A big kobold (D:7)
  Dowan (D:4)
  A scorpion (D:4)
  5 wights (D:7)
  3 hounds
  2 centaur skeletons (D:4)
  A bullfrog skeleton (D:5)
  4 orc priests (D:6)
  An iguana (D:4)
  Natasha (thrice) (D:4)
  6 orc wizards (D:6)
  5 worker ants
  4 hound skeletons
  3 gnolls (D:5)
  2 adders (D:3)
  A shadow imp (D:7)
  3 white imps
  An ufetubus (D:6)
  An ooze (D:3)
  A worm (D:3)
  5 dart slugs
  6 leopard geckos
  19 orcs
  5 giant cockroaches
  3 goblins
  6 hobgoblins
  4 jackals (D:2)
  5 kobolds
  5 quokkas
  6 bats
  2 frilled lizards
  2 gnoll zombies (D:2)
  A leopard gecko zombie (D:6)
  5 rats
142 creatures vanquished.

Vanquished Creatures (others)
  A plant (D:6)
1 creature vanquished.

Grand Total: 143 creatures vanquished

Notes
Turn   | Place    | Note
-------+----------+-------------------------------------------
     0 | D:1      | kae the Naga Transmuter began the quest for the Orb.
     0 | D:1      | Reached XP level 1. HP: 18/18 MP: 3/3
   401 | D:1      | Reached XP level 2. HP: 22/25 MP: 3/5
  1437 | D:2      | Reached skill level 3 in Transmutations
  1437 | D:2      | Reached XP level 3. HP: 25/31 MP: 4/6
  1442 | D:2      | Learned a level 3 spell: Spider Form
  1887 | D:2      | Reached skill level 1 in Poison Magic
  2067 | D:2      | Found a snail-covered altar of Cheibriados.
  2073 | D:2      | Became a worshipper of Cheibriados the Contemplative
  2527 | D:2      | Found a basalt altar of Yredelemnul.
  2753 | D:3      | Reached XP level 4. HP: 12/38 MP: 3/7
  3295 | D:3      | Found a burning altar of Makhleb.
  3460 | D:3      | Reached * piety under Cheibriados
  4056 | D:4      | Reached skill level 4 in Transmutations
  4056 | D:4      | Reached XP level 5. HP: 44/44 MP: 3/8
  4496 | D:4      | Found an iron altar of Okawaru.
  4513 | D:4      | Reached XP level 6. HP: 20/51 MP: 6/9
  4727 | D:4      | Noticed Natasha
  4818 | D:4      | Killed Natasha
  4818 | D:4      | Reached skill level 5 in Transmutations
  5053 | D:4      | Noticed Duvessa
  5053 | D:4      | Noticed Dowan
  5069 | D:4      | Killed Duvessa
  5076 | D:4      | Killed Dowan
  5076 | D:4      | Reached XP level 7. HP: 25/57 MP: 8/10
  5583 | D:4      | Noticed Natasha
  5595 | D:4      | Killed Natasha
  5659 | D:4      | Noticed Natasha
  5664 | D:4      | Killed Natasha
  5664 | D:4      | Reached skill level 6 in Transmutations
  6100 | D:4      | Found an iron altar of Okawaru.
  6279 | D:5      | Entered Level 5 of the Dungeon
  6346 | D:5      | Reached skill level 5 in Unarmed Combat
  6676 | D:5      | Reached ** piety under Cheibriados
  6906 | D:5      | Found a staircase to the Ecumenical Temple.
  7466 | D:6      | Reached skill level 7 in Transmutations
  7533 | D:6      | Reached XP level 8. HP: 64/64 MP: 7/11
  7635 | D:6      | Noticed Menkaure
  7642 | D:6      | Gained mutation: Your spells are a little easier to cast,
                  | but a little less powerful. [potion of mutation]
  7642 | D:6      | Gained mutation: You are dopey. (Int -2) [potion of
                  | mutation]
  7642 | D:6      | Lost mutation: Your spells are a little easier to cast, but
                  | a little less powerful. [potion of mutation]
  7642 | D:6      | Gained mutation: Your muscles are strong. (Str +2) [potion
                  | of mutation]
  7665 | D:6      | Killed Menkaure
  7665 | D:6      | Reached skill level 8 in Transmutations
  7942 | D:6      | Found a runed translucent gate.
  7942 | D:6      | Found a runed translucent gate.
  7969 | D:6      | Found a runed translucent gate.
  7969 | D:6      | Noticed p0werm0de's ghost (novice GrFi)
  8017 | D:6      | Found a glowing golden altar of the Shining One.
  8407 | D:6      | Reached skill level 9 in Transmutations
  8407 | D:6      | Reached XP level 9. HP: 70/70 MP: 9/12
  8586 | D:6      | Found a radiant altar of Vehumet.
  8765 | D:6      | Found a hide-covered altar of Uskayaw.
  9078 | D:6      | Found a shimmering blue altar of Sif Muna.
  9094 | D:6      | Reached *** piety under Cheibriados
  9359 | D:7      | Reached skill level 10 in Transmutations
  9943 | D:7      | Found a hide-covered altar of Uskayaw.
 10376 | D:7      | Found a stormy altar of Qazlal.
 10880 | D:8      | Noticed a two-headed ogre
 10891 | D:8      | Mangled by a two-headed ogre

Illustrated notes

Levels and vault maps discovered:
D:1:      nagdon_arrival_double_spiral, layout_loops_ring
D:2:      layout_rooms, kennysheep_slug_shrine, lemuel_zombie_altar_yredelemnul
D:3:      layout_basic, nicolae_overflow_hidden_temple
D:4:      layout_basic, okawaru_metal_pillars_1_2, uniq_duvessa, uniq_natasha
D:5:      layout_cave_pools, minmay_temple_entry_nine_rooms, serial_rivers,
          chequers_serial_rivers_micro_c, chequers_serial_rivers_micro_e,
          chequers_serial_rivers_large_a, chequers_serial_rivers_small_a,
          minmay_liquid_box
D:6:      layout_loops_ring, vehumet_crystals, led_sif_book, tso_oasis_becter,
          gammafunk_ghost_split, basic_altar, nicolae_benzene_ring,
          uniq_menkaure
D:7:      cheibrodos_steamvent, layout_loops_ring,
          nicolae_qazlal_style_of_elements, basic_altar
D:8:      layout_basic, kennysheep_little_box, nicolae_ru_awakened_eye,
          lemuel_crystal_altar, serial_shops, shop, serial_ice, serial_ice_i,
          serial_ice_b, serial_ice_a, serial_ice_h, minmay_misc_feat_diagonals,
          mrwooster_statue_mirror, kennysheep_small_spiral,
          kennysheep_opposing_triangles, uniq_maggie

Skill      XL: |  1  2  3  4  5  6  7  8  9 |
---------------+----------------------------+-----
Transmutations | 3 4 5 7 9 10 | 10.8
Poison Magic   | 1 3 |  3.0
Unarmed Combat | 4 5 6 8 |  8.2
Fighting       | |  1.0
Dodging        | |  1.5
Spellcasting   | |  2.0

Action                   |  1- 3 |  4- 6 |  7- 9 || total
-------------------------+-------+-------+-------++-------
Melee: Unarmed           |   108 |    88 |   244 ||   440
       Headbutt          |    11 |     2 |       ||    13
       Punch             |       |       |     4 ||     4
 Cast: Beastly Appendage |    29 |    11 |       ||    40
       Spider Form       |     2 |     9 |    39 ||    50
 Abil: Spit Poison       |    32 |    20 |    33 ||    85
Evoke: Wand              |       |       |     3 ||     3
  Use: Scroll            |     9 |     1 |    10 ||    20
       Potion            |       |       |     6 ||     6
 Stab: Sleeping          |       |     1 |     1 ||     2
Armor: Robe              |    23 |     6 |     9 ||    38
       Skin              |       |       |    23 ||    23
Dodge: Dodged            |    74 |    78 |   218 ||   370

Table legend: (Time is in decaauts)
 A = Elapsed time spent in this place.
 B = Non-inter-level travel time spent in this place.
 C = Inter-level travel time spent in this place.
 D = Time resting spent in this place.
 E = Time spent auto-exploring this place.
 F = Levels seen in this place.
 G = Mean time per level.
                   A        B        C        D        E       F      G
               +--------+--------+--------+--------+--------+-----+--------+
         Total |  15038 |  14598 |    440 |   1150 |  12090 |   8 | 1879.8 |
       Dungeon |  15038 |  14598 |    440 |   1150 |  12090 |   8 | 1879.8 |
               +--------+--------+--------+--------+--------+-----+--------+

Top non-repeatable levels by time:
     D:4: 3606 daAuts
     D:6: 2731 daAuts
     D:7: 2341 daAuts
     D:3: 1770 daAuts
     D:1: 1629 daAuts
     D:2: 1476 daAuts
     D:5: 1439 daAuts
     D:8: 44 daAuts
